[Event "ICCopen2017"]
[Site "Internet Chess Club"]
[Date "2017.04.02"]
[Round "10"]
[White "DaGame"]
[Black "Mmario"]
[Result "0-1"]
[ICCResult "White resigns"]
[WhiteElo "2738"]
[BlackElo "2723"]
[Opening "Réti: King's Indian attack"]
[ECO "A05"]
[NIC "QP.11"]
[Time "20:55:47"]
[TimeControl "180+0"]

1. Nf3 Nf6 2. g3 g6 3. Bg2 Bg7 4. d4 O-O 5. O-O c5 6. dxc5 Na6 7. Be3 Qc7 8.
Na3 Nxc5 9. Nb5 Qc6 10. Nfd4 Qb6 11. a4 a6 12. Nb3 d6 13. Na3 Qc7 14. Nxc5
dxc5 15. Nc4 Be6 16. Bf4 Qd8 17. Qxd8 Raxd8 18. Na5 Nd5 19. Nxb7 Nxf4 20.
Nxd8 Nxe2+ 21. Kh1 Rxd8 22. Rad1 Rxd1 23. Rxd1 Bxb2 24. Bf1 Nc3 25. Rd8+ Kg7
26. a5 Ba3 27. Bxa6 Bb4 28. Bc8 Bd5+ 29. Rxd5 Nxd5 30. a6 Nc7 31. a7 Ba5 32.
Bb7 Bb6 33. a8=Q Nxa8 34. Bxa8 Kf6 35. Kg2 Ke5 36. Bf3 e6 37. c4 Kd4 38. Be2
f5 39. f4 Ba5 40. Bf1 Bd2 41. Be2 Be3 42. Bf1 Bd2 43. Kf3 Bc3 44. h3 Bb2 45.
g4 Bc3 46. Be2 Ba5 47. Bf1 Bc7 48. Be2 Bd8 49. Bf1 Bc7 50. Be2 Kc3 51. Bf1
Kd2 52. Be2 Ke1 53. Bd3 Kd2 54. Be2 Kc3 55. Bf1 Bd6 56. gxf5 gxf5 57. h4 h5
58. Be2 Kd2 59. Bf1 Be7 60. Kg3 Ke3 61. Bg2 Bd6 62. Bc6 Bxf4+ 63. Kg2 Kd4
64. Bd7 Ke5 65. Be8 Bd2 66. Bxh5 Be1 67. Kh3 Kf4 68. Bg6 e5 69. h5 e4 70. h6
Bc3 71. h7 Kg5 72. Be8 f4 73. Bc6 Kf5 74. Kg2 f3+ 75. Kg3 Be5+ 76. Kf2 Kf4
77. Bd7 e3+ 78. Kf1 e2+ 79. Kf2 {White resigns} 0-1

[Event "ICCopen2017"]
[Site "Internet Chess Club"]
[Date "2017.04.02"]
[Round "10"]
[White "kwameh72"]
[Black "LeonSantillan"]
[Result "1-0"]
[ICCResult "Black forfeits on time"]
[WhiteElo "1569"]
[BlackElo "1808"]
[Opening "Robatsch (modern) defense"]
[ECO "A40"]
[NIC "QO.17"]
[Time "20:55:27"]
[TimeControl "180+0"]

1. d4 g6 2. Nc3 Bg7 3. e4 d6 4. Be3 a6 5. Qd2 b5 6. h4 h6 7. f3 Bb7 8. Nh3
e6 9. O-O-O Nd7 10. d5 e5 11. f4 Ngf6 12. Bd3 Ng4 13. Bg1 Nc5 14. Be2 Bc8
15. Rf1 b4 16. Bxc5 bxc3 17. Qxc3 dxc5 18. f5 gxf5 19. exf5 h5 20. Bxg4 hxg4
21. Ng5 Bh6 22. Kb1 Qf6 23. Re1 O-O 24. Qxc5 Qd6 25. Qc4 Bxf5 26. Ne4 Bxe4
27. Qxe4 f5 28. Qc4 Rab8 29. Qd3 e4 30. Qd4 Bg7 31. Qe3 Rxb2+ 32. Kc1 Rfb8
33. Qg5 Qb4 34. Kd1 Qc3 35. Ke2 Rxc2+ 36. Kf1 Qd2 37. Kg1 Qxe1+ 38. Kh2 Qd2
39. Qxd2 Rxd2 40. Kg3 Rbb2 41. Kf4 Rf2+ 42. Kg5 Kh7 43. h5 Bh6+ 44. Kf6 Rxg2
45. Ke6 e3 46. Rc1 e2 47. Rxc7+ Kg8 48. d6 Bf8 49. Rc8 {Black forfeits on
time} 1-0

[Event "ICCopen2017"]
[Site "Internet Chess Club"]
[Date "2017.04.02"]
[Round "10"]
[White "Last7Samurai"]
[Black "olimpus"]
[Result "1-0"]
[ICCResult "Black resigns"]
[WhiteElo "2774"]
[BlackElo "2704"]
[Opening "Robatsch defense: Geller's system"]
[ECO "B06"]
[NIC "KF.05"]
[Time "20:55:56"]
[TimeControl "180+0"]

1. e4 g6 2. d4 Bg7 3. Nf3 d6 4. c3 Nf6 5. Bd3 O-O 6. O-O Nc6 7. h3 e5 8. Re1
Re8 9. Na3 exd4 10. cxd4 Nb4 11. Bb1 c5 12. Nc4 b5 13. Ncd2 Nc6 14. d5 Ne5
15. Nxe5 Rxe5 16. Nf3 Re8 17. a4 b4 18. Bd3 a5 19. Nd2 Nd7 20. Nc4 Ne5 21.
Nxe5 Bxe5 22. Ra2 Ba6 23. b3 Bc3 24. Rf1 c4 25. bxc4 Rc8 26. Qe2 Qc7 27. Bf4
Bxc4 28. Bxc4 Qxc4 29. Qxc4 Rxc4 30. f3 Bd4+ 31. Kh2 Bc5 32. Rb2 f5 33. Bh6
fxe4 34. fxe4 Rcxe4 35. Rc2 Rh4 36. Bf4 Rh5 37. Rd1 Rf5 38. Bg3 Re3 39. Rxc5
dxc5 40. d6 Re8 41. d7 Rd8 42. Bc7 Rff8 43. Bxa5 b3 44. Bxd8 Rxd8 45. a5 Kf7
46. a6 Ke7 47. Re1+ Kd6 48. a7 b2 49. Re8 b1=Q 50. Rxd8 Qc1 51. a8=Q Qf4+
52. g3 {Black resigns} 1-0

[Event "ICCopen2017"]
[Site "Internet Chess Club"]
[Date "2017.04.02"]
[Round "10"]
[White "rencoroso"]
[Black "Ecalevol123"]
[Result "1/2-1/2"]
[ICCResult "Game drawn by repetition"]
[WhiteElo "1926"]
[BlackElo "1725"]
[Opening "Scotch opening"]
[ECO "C44"]
[NIC "KP.10"]
[Time "20:56:10"]
[TimeControl "180+0"]

1. e4 e5 2. Nf3 Nc6 3. d4 d6 4. dxe5 Nxe5 5. Nxe5 dxe5 6. Bd3 Bd6 7. O-O Ne7
8. Nc3 O-O 9. Bg5 f6 10. Be3 Be6 11. Nd5 Nxd5 12. exd5 Bxd5 13. Bxh7+ Kxh7
14. Qxd5 c6 15. Qf3 Qe7 16. Qh5+ Kg8 17. Rad1 Rad8 18. Qg6 c5 19. Rd2 Qf7
20. Qg3 Qxa2 21. b3 Be7 22. Rxd8 Rxd8 23. Bh6 Bf8 24. Rc1 Qb2 25. h3 a5 26.
Be3 b5 27. Qg4 Kf7 28. Qh5+ Ke6 29. Qg4+ Kf7 30. Qh5+ Ke6 31. f4 a4 32. f5+
Kd6 33. Rd1+ Kc7 34. Qf7+ Kc8 35. Qe6+ Kc7 36. Qf7+ Kc8 37. Rxd8+ Kxd8 38.
Qxf8+ Kd7 39. Qxg7+ Kc8 40. Qf8+ Kb7 41. Qe7+ Kb8 42. Qd8+ Kb7 43. Qd7+ Kb8
44. Qd6+ Kb7 45. Qxc5 a3 46. Qb6+ Kc8 47. Qc6+ Kd8 48. Bc5 a2 49. Qd6+ Kc8
50. Qc6+ Kd8 51. Qd6+ Kc8 52. Qc6+ Kd8 53. Qd6+ {Game drawn by repetition}
1/2-1/2

[Event "ICCopen2017"]
[Site "Internet Chess Club"]
[Date "2017.04.02"]
[Round "10"]
[White "Zheus"]
[Black "TennKid84"]
[Result "1-0"]
[ICCResult "Black forfeits on time"]
[WhiteElo "2014"]
[BlackElo "1781"]
[Opening "Réti opening"]
[ECO "A04"]
[NIC "QP.11"]
[Time "20:55:30"]
[TimeControl "180+0"]

1. Nf3 c6 2. b3 d5 3. Bb2 e6 4. e3 Nf6 5. d4 Bd6 6. Bd3 Nbd7 7. O-O O-O 8.
Ne5 Qc7 9. f4 Re8 10. Nd2 Nf8 11. Rf3 N6d7 12. Rh3 f6 13. Bxh7+ Nxh7 14. Qh5
fxe5 15. Qxe8+ Ndf8 16. fxe5 Bb4 17. Nf3 Qe7 18. Qh5 Bd7 19. Rf1 Be8 20. Qg4
Bg6 21. Nh4 Bxc2 22. Rg3 Bd3 23. Rf4 Be1 24. Rh3 Qg5 25. Qd1 Bxh4 26. Rfxh4
Bf5 27. g4 Bg6 28. Bc1 Be4 29. Rh5 Qg6 30. Qe1 Ng5 31. R3h4 Nf3+ 32. Kf2
Nxe1 33. Rh8+ Kf7 34. Kxe1 Re8 35. Ba3 Nd7 36. R8h5 Rg8 37. Bd6 Bc2 38. g5
Qd3 39. Rf4+ Ke8 40. Kf2 {Black forfeits on time} 1-0

[Event "ICCopen2017"]
[Site "Internet Chess Club"]
[Date "2017.04.02"]
[Round "10"]
[White "StaggerLee"]
[Black "chigato"]
[Result "1-0"]
[ICCResult "Black forfeits on time"]
[WhiteElo "1447"]
[BlackElo "1577"]
[Opening "Caro-Kann: Tartakower (fantasy) variation"]
[ECO "B12"]
[NIC "CK.02"]
[Time "20:56:37"]
[TimeControl "180+0"]

1. e4 c6 2. d4 d5 3. f3 Be6 4. e5 Qd7 5. f4 f6 6. Nf3 Bf7 7. Bd3 e6 8. O-O
c5 9. c3 Nc6 10. Qe2 c4 11. Bc2 Nge7 12. Na3 a6 13. b3 cxb3 14. axb3 Ng6 15.
exf6 gxf6 16. f5 Nd8 17. fxg6 hxg6 18. c4 Bd6 19. h3 O-O 20. cxd5 exd5 21.
Nh4 Kg7 22. Qf3 f5 23. Nxf5+ gxf5 24. Bxf5 Be6 25. Qg4+ Kh8 26. Qh5+ Kg8 27.
Qg6+ Qg7 28. Bxe6+ Nxe6 29. Qxe6+ Kh8 30. Qxd6 Rxf1+ 31. Kxf1 Rf8+ 32. Kg1
Qxd4+ 33. Kh1 Qd1+ 34. Kh2 Qf1 35. Bb2+ Kh7 36. Rxf1 {Black forfeits on
time} 1-0

[Event "ICCopen2017"]
[Site "Internet Chess Club"]
[Date "2017.04.02"]
[Round "10"]
[White "cendrier"]
[Black "x-plica"]
[Result "1-0"]
[ICCResult "Black checkmated"]
[WhiteElo "1661"]
[BlackElo "1433"]
[Opening "English opening"]
[ECO "A13"]
[NIC "EO.64"]
[Time "20:55:47"]
[TimeControl "180+0"]

1. c4 e6 2. g3 c6 3. Bg2 d5 4. Qc2 Nf6 5. b3 Be7 6. Bb2 Bd7 7. Nf3 Bd6 8.
O-O Na6 9. d4 c5 10. Ne5 Rc8 11. Nxd7 Qxd7 12. Nd2 Nb4 13. Qb1 b6 14. a3 Na6
15. cxd5 Nxd5 16. Nc4 Be7 17. dxc5 Nxc5 18. Bxg7 Rg8 19. Qxh7 Rxg7 20. Qxg7
Bf6 21. Qg4 Bxa1 22. Rxa1 Nxb3 23. Rd1 Nc5 24. e4 Nf6 25. Qf3 Qa4 26. Nb2
Qxe4 27. Qxf6 Qc2 28. Qh8+ Ke7 29. Qxc8 Qxb2 30. Qd8# {Black checkmated} 1-0

[Event "ICCopen2017"]
[Site "Internet Chess Club"]
[Date "2017.04.02"]
[Round "10"]
[White "TZ700A"]
[Black "KnightWalker"]
[Result "1-0"]
[ICCResult "Black checkmated"]
[WhiteElo "1445"]
[BlackElo "1338"]
[Opening "Sicilian"]
[ECO "B50"]
[NIC "SI.01"]
[Time "20:55:27"]
[TimeControl "180+0"]

1. e4 c5 2. Nf3 d6 3. Bc4 h6 4. O-O Nc6 5. d4 cxd4 6. Nxd4 Nf6 7. Nc3 a6 8.
Nxc6 bxc6 9. Re1 e5 10. Be3 Be7 11. f4 O-O 12. f5 Bb7 13. Qd2 d5 14. exd5
cxd5 15. Nxd5 Bxd5 16. Bd3 e4 17. Bf1 Bb7 18. Qf2 Nd5 19. Bd4 Bf6 20. Rxe4
Bxd4 21. Rxd4 Qf6 22. Rad1 Rfd8 23. Bc4 Nb6 24. Rxd8+ Rxd8 25. Rxd8+ Qxd8
26. Bd3 Nd5 27. Be4 Qb6 28. Qxb6 Nxb6 29. Bxb7 a5 30. b3 Kf8 31. c4 Ke7 32.
c5 Nd7 33. c6 Nb6 34. c7 Kd7 35. c8=Q+ Nxc8 36. Bxc8+ Kxc8 37. Kf2 Kc7 38.
a3 Kd6 39. Ke3 Ke5 40. g4 g6 41. fxg6 fxg6 42. h4 g5 43. hxg5 hxg5 44. b4
axb4 45. axb4 Kd5 46. b5 Kc5 47. b6 Kxb6 48. Ke4 Kc7 49. Kf5 Kd7 50. Kxg5
Ke7 51. Kh6 Kf7 52. Kh7 Kf6 53. Kh6 Kf7 54. g5 Kg8 55. g6 Kh8 56. Kg5 Kg7
57. Kf5 Kf8 58. Kf6 Kg8 59. g7 Kh7 60. Kf7 Kh6 61. g8=Q Kh5 62. Kf6 Kh4 63.
Kf5 Kh3 64. Kf4 Kh4 65. Qg4# {Black checkmated} 1-0

[Event "ICCopen2017"]
[Site "Internet Chess Club"]
[Date "2017.04.02"]
[Round "10"]
[White "ROWLAND"]
[Black "Pepiton"]
[Result "0-1"]
[ICCResult "White forfeits on time"]
[WhiteElo "1539"]
[BlackElo "1846"]
[Opening "QP counter-gambit (elephant gambit)"]
[ECO "C40"]
[NIC "KP.10"]
[Time "20:55:36"]
[TimeControl "180+0"]

1. e4 e5 2. Nf3 d5 3. d4 dxe4 4. Nxe5 Bd6 5. Nc4 Nc6 6. Nxd6+ Qxd6 7. c3 Nf6
8. Bc4 O-O 9. O-O Ng4 10. g3 Qg6 11. Re1 Bf5 12. Bf4 Qh5 13. h4 h6 14. Bd5
Rae8 15. Nd2 g5 16. Bxc7 gxh4 17. Nxe4 Bxe4 18. Bxe4 hxg3 19. Bxg3 f5 20.
Bd5+ Kh7 21. Bf3 Rxe1+ 22. Qxe1 f4 23. Qe4+ Kh8 24. Bxf4 Rg8 25. Kf1 Qh4 26.
Bxg4 Qxg4 27. Be5+ Nxe5 28. Qxe5+ Kh7 29. Re1 Qg2+ 30. Ke2 Qg6 31. Kd2 Rg7
32. Qe4 b6 33. Qxg6+ Rxg6 34. Re7+ Kg8 35. Ke2 h5 36. Re5 Rh6 37. Kf1 h4 38.
Kg2 Rg6+ 39. Kh2 Rf6 40. Re2 Rf3 41. Re7 Rxf2+ 42. Kh3 Rxb2 43. Kxh4 Rxa2
44. Kg4 a5 45. d5 Rd2 46. d6 Rxd6 47. Rb7 Rg6+ 48. Kf5 Rc6
{White forfeits on time}
0-1

[Event "ICCopen2017"]
[Site "Internet Chess Club"]
[Date "2017.04.02"]
[Round "10"]
[White "PITCHUS"]
[Black "Jojua"]
[Result "1/2-1/2"]
[ICCResult "Game drawn by repetition"]
[WhiteElo "1701"]
[BlackElo "1540"]
[Opening "Réti: King's Indian attack (Barcza system)"]
[ECO "A07"]
[NIC "QP.09"]
[Time "20:55:56"]
[TimeControl "180+0"]

1. Nf3 d5 2. g3 Nc6 3. Bg2 e5 4. O-O e4 5. Ne1 f5 6. d3 Nf6 7. Bg5 Be7 8.
Nc3 Be6 9. dxe4 fxe4 10. e3 O-O 11. Bxf6 Bxf6 12. Qh5 Ne5 13. Rd1 g6 14. Qe2
Bg4 15. f3 exf3 16. Nxf3 Nxf3+ 17. Bxf3 Bxf3 18. Qxf3 c6 19. Qg4 Qe7 20.
Rfe1 Rae8 21. e4 Bxc3 22. bxc3 dxe4 23. Rd4 e3 24. Rd3 Qc5 25. Qd4 Qf5 26.
Qc4+ Kh8 27. Qd4+ Kg8 28. Qc4+ Kg7 29. Qd4+ Kg8 30. Qc4+ Kg7 31. Qd4+ Rf6
32. Rdxe3 Qf2+ 33. Kh1 Rxe3 34. Qxe3 Qxc2 35. Qe7+ Rf7 36. Qe5+ Kh6 37. Qe3+
Kg7 38. Qe5+ Kg8 39. Qe8+ Kg7 40. Qe5+ Kh6 41. Qe3+ Kg7 42. Qe5+ Kg8 43.
Qe8+ Kg7 44. Qe5+ Kh6 {Game drawn by repetition} 1/2-1/2

[Event "ICCopen2017"]
[Site "Internet Chess Club"]
[Date "2017.04.02"]
[Round "10"]
[White "TorelliMirco"]
[Black "kaalzar"]
[Result "0-1"]
[ICCResult "White forfeits on time"]
[WhiteElo "1649"]
[BlackElo "1401"]
[Opening "Caro-Kann: Panov-Botvinnik attack"]
[ECO "B13"]
[NIC "CK.03"]
[Time "20:55:59"]
[TimeControl "180+0"]

1. d4 Nf6 2. c4 c5 3. e3 cxd4 4. exd4 d5 5. Nc3 dxc4 6. Bxc4 g6 7. Nf3 Bg4
8. Bxf7+ Kxf7 9. Ne5+ Kg7 10. Nxg4 Nc6 11. Nxf6 exf6 12. d5 Ne5 13. O-O Bb4
14. f4 Nc4 15. Kh1 Bxc3 16. bxc3 Qb6 17. f5 Rad8 18. Qe2 Ne5 19. Be3 Qd6 20.
c4 b6 21. Rac1 Rc8 22. h3 g5 23. Bd4 Rhe8 24. Qh5 Rxc4 25. Bxe5 Rxc1 26.
Bxd6 Rxf1+ 27. Kh2 Ree1 28. Qg4 Rh1+ 29. Kg3 Re3+ 30. Kf2 Rhe1 31. Bg3 Re7
32. Qf3 Ra1 {White forfeits on time} 0-1

[Event "ICCopen2017"]
[Site "Internet Chess Club"]
[Date "2017.04.02"]
[Round "10"]
[White "GolfPro"]
[Black "giovana64"]
[Result "0-1"]
[ICCResult "White checkmated"]
[WhiteElo "1857"]
[BlackElo "1681"]
[Opening "English opening"]
[ECO "A15"]
[NIC "EO.64"]
[Time "20:55:52"]
[TimeControl "180+0"]

1. c4 Nf6 2. Nf3 e6 3. d3 d5 4. cxd5 exd5 5. Nc3 c6 6. g3 Be7 7. Bg2 O-O 8.
O-O h6 9. Rb1 Bf5 10. Re1 Nbd7 11. e4 dxe4 12. dxe4 Bh7 13. h4 Nb6 14. Bf4
Qxd1 15. Rbxd1 Rfd8 16. Rxd8+ Rxd8 17. Bc7 Rd7 18. Bxb6 axb6 19. Kf1 Bb4 20.
e5 Bxc3 21. bxc3 Nd5 22. c4 Bd3+ 23. Kg1 Bxc4 24. a3 Nc3 25. Bh3 Be6 26. Bf1
b5 27. Rc1 Na4 28. Be2 Kf8 29. Kf1 Ke7 30. Ke1 Bd5 31. Nd4 Nb6 32. Nf5+ Kf8
33. Ne3 Be6 34. f4 Nd5 35. Nc2 b6 36. Kf2 Nc3 37. Bf1 c5 38. Ne3 Ne4+ 39.
Kf3 Nd2+ 40. Ke2 Nxf1 41. Nxf1 Bc4+ 42. Kf2 Bxf1 43. Kxf1 Ke7 44. Ke2 Ke6
45. Ke3 Rd4 46. g4 g6 47. Rb1 Ra4 48. Rxb5 Rxa3+ 49. Ke4 Ra4+ 50. Kf3 Rb4
51. Rxb4 cxb4 52. Ke4 b3 53. f5+ gxf5+ 54. gxf5+ Ke7 55. Kd3 Kd7 56. Kc3 Kc6
57. Kxb3 Kd5 58. e6 fxe6 59. fxe6 Kxe6 60. Kb4 Kf5 61. Kb5 Kg4 62. Kxb6 Kxh4
63. Kc5 Kg3 64. Kd4 h5 65. Kd3 h4 66. Ke2 h3 67. Ke3 h2 68. Ke4 h1=Q+ 69.
Kf5 Qf1+ 70. Ke6 Qf4 71. Ke7 Qf5 72. Ke8 Qf6 73. Kd7 Qe5 74. Kc8 Qd6 75. Kb7
Qc5 76. Ka8 Qb5 77. Ka7 Kf4 78. Ka8 Kf5 79. Ka7 Kg6 80. Ka8 Kf7 81. Ka7 Ke6
82. Ka8 Ke7 83. Ka7 Kd6 84. Ka8 Kd7 85. Ka7 Kc6 86. Ka8 Kc7 87. Ka7 Qb7#
{White checkmated}
0-1

[Event "ICCopen2017"]
[Site "Internet Chess Club"]
[Date "2017.04.02"]
[Round "10"]
[White "anan"]
[Black "xvs"]
[Result "0-1"]
[ICCResult "White forfeits on time"]
[WhiteElo "1588"]
[BlackElo "1840"]
[Opening "Sicilian: Najdorf, Opocensky variation"]
[ECO "B92"]
[NIC "SI.10"]
[Time "20:56:08"]
[TimeControl "180+0"]

1. e4 c5 2. Nf3 d6 3. d4 cxd4 4. Nxd4 Nf6 5. Nc3 a6 6. Be2 e5 7. Nb3 Be6 8.
g4 Qc7 9. g5 Nfd7 10. Be3 Nc6 11. Qd2 Rc8 12. O-O-O b5 13. Kb1 Be7 14. Rc1
Nb6 15. Bxb6 Qxb6 16. h4 Nb4 17. f4 exf4 18. Qxf4 Bc4 19. Bxc4 bxc4 20. Nd2
d5 21. exd5 O-O 22. Nde4 a5 23. d6 Bd8 24. Rhg1 a4 25. Nf6+ Kh8 26. Nxh7
Kxh7 27. Qf5+ g6 28. Qxc8 a3 29. Qxc4 Nd3 30. Qb3 Qxb3 31. cxb3 Nxc1 32.
Rxc1 axb2 33. Kxb2 Ba5 34. Nb5 Rd8 35. a4 Kg7 36. Rc6 f6 37. Nd4 fxg5 38.
Ne6+ Kf7 39. Nxd8+ Bxd8 40. hxg5 Bxg5 {White forfeits on time} 0-1

[Event "ICCopen2017"]
[Site "Internet Chess Club"]
[Date "2017.04.02"]
[Round "10"]
[White "aplusk"]
[Black "Kheshig"]
[Result "1-0"]
[ICCResult "Black resigns"]
[WhiteElo "2742"]
[BlackElo "2674"]
[Opening "English opening"]
[ECO "A10"]
[NIC "EO.35"]
[Time "20:55:36"]
[TimeControl "180+0"]

1. c4 g6 2. d4 Bg7 3. Nc3 c5 4. Nf3 cxd4 5. Nxd4 Nc6 6. e3 Nf6 7. Be2 O-O 8.
O-O d5 9. cxd5 Nxd5 10. Nxd5 Qxd5 11. Bf3 Qc5 12. Nxc6 bxc6 13. Qa4 Rb8 14.
Rb1 Bf5 15. e4 Be6 16. Be3 Qc4 17. Qxa7 Qxa2 18. Qxe7 Rxb2 19. Rbc1 Rc2 20.
h3 Rc8 21. Bg4 Bxg4 22. hxg4 c5 23. Rxc2 Qxc2 24. Rc1 Qa4 25. Rxc5 Rxc5 26.
Bxc5 h6 27. Kh2 Qc4 28. Be3 Qe6 29. Qxe6 fxe6 30. Kg3 Kf7 31. Kf3 Ke7 32.
Ke2 Kd7 33. Kd3 Kc6 34. Bd4 Bf8 35. Kc4 h5 36. gxh5 gxh5 37. Bf6 Bd6 38. e5
Bc5 39. f3 Bb6 40. Kd3 Kd7 41. Ke4 Ke8 42. Kf4 Kf7 43. Kg5 h4 44. Kxh4 Kg6
45. g4 Be3 46. Kg3 Bd4 47. Kg2 Be3 48. Kf1 Bf4 49. Ke2 Kf7 50. Kd3 Bg3 51.
Ke4 Kg6 52. Kd3 Bf4 53. Kc4 Kf7 54. Kb5 Ke8 55. Kc6 Kf7 56. Kb6 Ke8 57. Ka5
Kd7 58. Ka4 Kc6 59. g5 Kd7 60. g6 Ke8 61. Kb5 Bh6 62. Kc6 Bf4 63. Kd6 Kf8
64. Kxe6 Kg8 65. Kf5 Bh6 66. e6 Bf8 67. Kg4 Bh6 68. f4 Bf8 69. f5 Bd6 70.
Bd4 Be7 71. f6 Bd6 72. Kf5 Be7 73. f7+ {Black resigns} 1-0

[Event "ICCopen2017"]
[Site "Internet Chess Club"]
[Date "2017.04.02"]
[Round "10"]
[White "Seraphim"]
[Black "Activekids"]
[Result "0-1"]
[ICCResult "White checkmated"]
[WhiteElo "1813"]
[BlackElo "2015"]
[Opening "Caro-Kann: two knights, 3...Bg4"]
[ECO "B10"]
[NIC "CK.01"]
[Time "20:56:15"]
[TimeControl "180+0"]

1. e4 c6 2. Nf3 d5 3. Nc3 Bg4 4. h3 Bxf3 5. Qxf3 e6 6. d4 dxe4 7. Nxe4 Nd7
8. Bd3 Ngf6 9. Ng3 Be7 10. O-O O-O 11. Re1 Re8 12. c3 Nf8 13. Bc2 Rc8 14.
Be3 b6 15. Rad1 Nd5 16. Bc1 Qc7 17. a3 c5 18. Ne4 cxd4 19. Rxd4 Ng6 20. Ng5
Bc5 21. Rde4 Nf6 22. R4e2 Nh4 23. Qf4 Qxf4 24. Bxf4 h6 25. Ne4 Be7 26. Bg3
Nxe4 27. Bxe4 Rc4 28. Rd1 a5 29. Rd7 Bf6 30. Bd3 Rc5 31. Rd2 Nf5 32. Bxf5
Rxf5 33. Rb7 b5 34. Rdd7 Rf8 35. Bd6 Re8 36. Rxf7 Rd8 37. Bc5 Be5 38. Rxf5
Rd1# {White checkmated} 0-1

[Event "ICCopen2017"]
[Site "Internet Chess Club"]
[Date "2017.04.02"]
[Round "10"]
[White "blackending"]
[Black "wmanthony"]
[Result "1-0"]
[ICCResult "Black forfeits on time"]
[WhiteElo "1502"]
[BlackElo "1315"]
[Opening "Philidor: exchange variation"]
[ECO "C41"]
[NIC "KP.08"]
[Time "20:56:19"]
[TimeControl "180+0"]

1. e4 e5 2. Nf3 d6 3. d4 exd4 4. Nxd4 Nf6 5. Nc3 Be7 6. Be2 O-O 7. O-O b6 8.
Kh1 Bb7 9. Bd3 Nbd7 10. f4 Nc5 11. Qe2 Nxd3 12. cxd3 Re8 13. Be3 Nd7 14. b4
Bf6 15. Rac1 c5 16. bxc5 Nxc5 17. Nf5 d5 18. e5 Be7 19. d4 Ne4 20. Nxe4 dxe4
21. Rfd1 Rc8 22. Qb5 Rxc1 23. Rxc1 Bc8 24. Ng3 f5 25. exf6 Bxf6 26. Nh5 Rf8
27. Nxf6+ Qxf6 28. Qd5+ Kh8 29. Qxe4 Be6 30. d5 Bf5 31. Qe5 Qg6 32. d6 Be4
33. Rg1 h5 34. Qe7 Rc8 35. d7 {Black forfeits on time} 1-0

[Event "ICCopen2017"]
[Site "Internet Chess Club"]
[Date "2017.04.02"]
[Round "10"]
[White "Smelterlife"]
[Black "FlashGordon"]
[Result "0-1"]
[ICCResult "White checkmated"]
[WhiteElo "349"]
[BlackElo "1114"]
[Opening "Sicilian: Nimzovich-Rossolimo attack (with ...g6, without ...d6)"]
[ECO "B31"]
[NIC "SI.31"]
[Time "20:56:21"]
[TimeControl "180+0"]

1. e4 c5 2. Nf3 Nc6 3. Bb5 g6 4. O-O Bg7 5. d4 Nxd4 6. Nxd4 cxd4 7. c4 a6 8.
Ba4 Nf6 9. Nd2 Qc7 10. Nf3 Nxe4 11. Nxd4 Qc5 12. Qd3 Nxf2 13. Rxf2 Bxd4 14.
Be3 Bxe3 15. Qe2 Kf8 16. Bb3 d6 17. Rd1 h5 18. g4 Bxg4 19. h3 Bxe2 20. Kg2
Bxd1 21. Bxd1 Bxf2 22. Kh2 Qe5+ 23. Kh1 Bg3 24. Kg1 Qe3+ 25. Kf1 Qf2#
{White checkmated}
0-1

[Event "ICCopen2017"]
[Site "Internet Chess Club"]
[Date "2017.04.02"]
[Round "10"]
[White "Unico"]
[Black "supermouse"]
[Result "1-0"]
[ICCResult "Black resigns"]
[WhiteElo "2441"]
[BlackElo "2594"]
[Opening "Old Benoni defense"]
[ECO "A46"]
[NIC "QP.06"]
[Time "20:55:21"]
[TimeControl "180+0"]

1. d4 Nf6 2. Nf3 c5 3. d5 e6 4. Nc3 exd5 5. Nxd5 Nxd5 6. Qxd5 Nc6 7. e4 d6
8. Bc4 Be6 9. Qd3 Nb4 10. Bb5+ Ke7 11. Qe2 a6 12. Bc4 Qa5 13. Bxe6 fxe6 14.
c3 Nc6 15. O-O Kd7 16. Rd1 Re8 17. Bf4 Kc7 18. Nd2 e5 19. Bg3 b5 20. a4 Qb6
21. axb5 axb5 22. Nf1 Kb7 23. Ne3 c4 24. Nd5 Qc5 25. Kh1 Ne7 26. Nb4 Ng6 27.
f3 Nf4 28. Bxf4 exf4 29. Rd5 Qb6 30. Ra6 Qe3 31. Rxb5+ Kc8 32. Qxc4+ Kd7 33.
Rb7+ {Black resigns} 1-0

[Event "ICCopen2017"]
[Site "Internet Chess Club"]
[Date "2017.04.02"]
[Round "10"]
[White "arsam"]
[Black "makingnosense"]
[Result "0-1"]
[ICCResult "White forfeits on time"]
[WhiteElo "2555"]
[BlackElo "2181"]
[Opening "Queen's pawn game"]
[ECO "A46"]
[NIC "QP.05"]
[Time "20:55:51"]
[TimeControl "180+0"]

1. d4 Nf6 2. Nf3 e6 3. Bf4 c5 4. e3 b6 5. Bd3 Bb7 6. c3 Be7 7. Nbd2 O-O 8.
h3 cxd4 9. cxd4 d6 10. Rc1 a6 11. O-O Nbd7 12. Qe2 b5 13. e4 Re8 14. Bh2 Bf8
15. e5 dxe5 16. dxe5 Nd5 17. Ne4 h6 18. Nd6 Bxd6 19. exd6 e5 20. Qe4 N7f6
21. Qh4 e4 22. Be2 exf3 23. Bxf3 Qd7 24. Rfd1 Rac8 25. Qd4 Rxc1 26. Rxc1 Rc8
27. Re1 Bc6 28. Bg3 Qb7 29. Bh4 Qd7 30. Bg3 Qb7 31. Be5 Re8 32. Rc1 Nb4 33.
Bxf6 gxf6 34. Qxb4 Bxf3 35. gxf3 Rd8 36. Kg2 Qd7 37. Rd1 Qe6 38. Rd4 f5 39.
Qd2 Rd7 40. Qe3 Kg7 41. Qxe6 fxe6 42. f4 Kf6 43. Kf3 e5 44. fxe5+ Kxe5 45.
Rd1 Rxd6 46. Re1+ Kf6 47. Re8 Rd3+ 48. Ke2 Rxh3 49. Ra8 Kg5 50. Rxa6 Rh1 51.
Rb6 Ra1 52. a3 b4 53. Rxb4 h5 54. Kf3 h4 55. Kg2 Rb1 56. a4 Ra1 57. b3 f4
58. Rb8 Ra2 59. Rg8+ Kf5 60. Kf3 h3 61. Rf8+ Ke5 62. Rh8 Ra3 63. Kg4 Rxb3
64. Rxh3 Rb2 65. Rh5+ Ke4 66. Ra5 Ra2 67. Rb5 Kd4 68. f3 Ra1 69. Rf5 Rg1+
70. Kxf4 Rf1 71. Rf6 Kc4 72. Rd6 Re1 {White forfeits on time} 0-1

[Event "ICCopen2017"]
[Site "Internet Chess Club"]
[Date "2017.04.02"]
[Round "10"]
[White "nikenwidiartto"]
[Black "playwaycool"]
[Result "0-1"]
[ICCResult "White forfeits on time"]
[WhiteElo "1899"]
[BlackElo "2197"]
[Opening "Scotch gambit: Dubois-Réti defense"]
[ECO "C55"]
[NIC "KP.02"]
[Time "20:55:55"]
[TimeControl "180+0"]

1. e4 e5 2. Nf3 Nc6 3. d4 exd4 4. Bc4 Nf6 5. e5 Ne4 6. Bd5 Nc5 7. O-O Ne6 8.
Nbd2 h6 9. Nb3 d6 10. exd6 Qxd6 11. Bxc6+ bxc6 12. Nbxd4 Bd7 13. Re1 c5 14.
Nb3 Qxd1 15. Rxd1 Bd6 16. Be3 c4 17. Nbd4 g6 18. c3 Rb8 19. Rd2 a6 20. Rad1
O-O 21. Bxh6 Rfe8 22. Nxe6 Bxe6 23. Nd4 Bd7 24. Bg5 Re4 25. h3 a5 26. Bf6 a4
27. a3 Rb6 28. Bg5 Re8 29. Kf1 Reb8 30. Bf6 Rxb2 31. Rxb2 Rxb2 32. Nf3 Bxa3
33. Rd4 Rb1+ 34. Ke2 Rb2+ 35. Kf1 Rb1+ 36. Ke2 Rb2+ 37. Ke3 Bf8 38. Rxd7 a3
39. Rd1 a2 40. Ra1 Bc5+ 41. Bd4 Bxd4+ 42. Nxd4 c5 43. Nf3 f5 44. Ne5 Kg7 45.
Nxc4 Rc2 46. Ne5 Rxc3+ 47. Kd2 Ra3 48. Nd7 Ra8 49. Nxc5 Rd8+ 50. Nd3 Kf6 51.
Rxa2 Rh8 52. Ra6+ Kf7 53. Ke2 Kg7 54. Kf3 Re8 55. Nf4 Rb8 56. Ra7+ Kf6 57.
Ra6+ Kf7 58. Rxg6 Rb3+ 59. Ke2 Rb2+ 60. Kf1 Rb3 61. Ke2 Ra3 62. g4 Ra2+ 63.
Kf3 Ra3+ 64. Kg2 Ra4 {White forfeits on time} 0-1